 Dungeon Crawl Stone Soup version 0.30-a0-760-g5a9884bb7c (webtiles) character file.

Game seed: 12427415953363592833

471 sircluck the Covert (level 7, 0/43 HPs)
             Began as a Kobold Delver on Feb 10, 2023.
             Was an Initiate of Dithmenos.
             Slain by an orc
             ... wielding a +0 whip
              (6 damage)
             ... on level 3 of the Dungeon.
             The game lasted 00:05:01 (1552 turns).

sircluck the Covert (Kobold Delver)                 Turns: 1552, Time: 00:05:02

Health: 0/43       AC:  3    Str: 10    XL:     7   Next: 31%
Magic:  22/22      EV: 15    Int: 11    God:    Dithmenos [......]
Gold:   152        SH:  0    Dex: 18    Spells: 6/6 levels left

rFire   . . .      SeeInvis .    a - +0 short sword
rCold   . . .      Faith    +    (no shield)
rNeg    . . .      Spirit   .    b - +0 leather armour
rPois   .          Reflect  .    (no helmet)
rElec   .          Harm     .    (no cloak)
rCorr   .          Rampage  .    (no gloves)
Will    .....                    (no boots)
Stlth   ++++++                   s
                                   - Hermit's Pendant {Faith Invo=14 Evo=0 MP+5}
HPRegen 0.27/turn                (no ring)
MPRegen 0.18/turn                (no ring)

@: no status effects
A: small, no large weapons, nightstalker 3
a: Renounce Religion


You were on level 3 of the Dungeon.
You worshipped Dithmenos.
Dithmenos was noncommittal.
You visited 1 branch of the dungeon, and saw 3 of its levels.

You collected 152 gold pieces.

Inventory:

Hand Weapons
 a - a +0 short sword (weapon)
 r - a +1 long sword of protection
Missiles
 j - 11 stones (quivered)
 u - 2 boomerangs
Armour
 b - a +0 leather armour (worn)
 v - a +1 scale mail of fire resistance
Jewellery
 s - the Hermit's Pendant (around neck) {Faith Invo=14 Evo=0 MP+5}
   (You found it on level 4 of the Dungeon)

   [amulet of faith]

   Invo=14: It sets your Invocations skill to 14.
   Evo=0: It sets your Evocations skill to 0.
   It allows you to gain divine favour quickly.
   MP:        It affects your magic capacity (+5).
Wands
 g - a wand of digging (3)
Scrolls
 c - a scroll of fog
 d - a scroll of magic mapping
 e - a scroll of fear
 k - a scroll of poison {unknown}
 l - a scroll of immolation
 m - a scroll of teleportation {unknown}
 o - a scroll of amnesia {unknown}
 p - a scroll of identify {unknown}
Potions
 f - a potion of haste
 h - a potion of mutation {unknown}
 i - a potion of might {unknown}
 n - a potion of heal wounds
 q - a potion of curing
 t - 2 potions of degeneration {unknown}
 w - a potion of attraction {unknown}


   Skills:
 + Level 4.3 Fighting
 + Level 4.0 Short Blades
 + Level 1.0 Armour
 + Level 3.2 Dodging
 + Level 10.6 Stealth


You had 6 spell levels left.
You didn't know any spells.
Your spell library was empty.

Dungeon Overview and Level Annotations

Branches:
Dungeon (5/15)
 Temple: D:4-7

Altars:
Dithmenos
Gozag


Innate Abilities, Weirdness & Mutations

You are small and have problems with some larger weapons.
You are completely attuned to the shadows.


Message History

Dithmenos accepts your kill.
You barely miss the orc. The orc closely misses you. The endoplasm freezes you.
You are frozen.
The orc hits you with a +2 heavy falchion!
You are too injured to fight recklessly!
You are too injured to fight recklessly!
You are too injured to fight recklessly!
You are too injured to fight recklessly!
You are too injured to fight recklessly!
You are too injured to fight recklessly!
You are too injured to fight recklessly!
You are too injured to fight recklessly!
You are too injured to fight recklessly!
You are too injured to fight recklessly!
You are too injured to fight recklessly!
You barely miss the orc. The endoplasm freezes you.
You are frozen.
The orc closely misses you. The orc attacks as you move away!
The orc closely misses you.
You hear the slow rusting of a very distant drain.
The orc attacks as you move away! The orc closely misses you.
The orc attacks as you move away! The orc barely misses you.
The orc attacks as you move away! The orc hits you with a +0 whip.
The orc attacks as you move away!
The orc hits you with a +2 heavy falchion.
The orc attacks as you move away! The orc hits you with a +0 whip.
* * * LOW HITPOINT WARNING * * *
The orc attacks as you move away! The orc hits you with a +0 whip.
* * * LOW HITPOINT WARNING * * *
The orc hits you with a +0 whip.
* * * LOW HITPOINT WARNING * * *
The orc attacks as you move away! The orc closely misses you.
There is a stone staircase leading down here.
The orc attacks as you move away! The orc hits you with a +0 whip.
* * * LOW HITPOINT WARNING * * *
You hit the orc.
The orc is heavily wounded.
The orc hits you with a +0 whip.
You die...

...)......#.# #.##.#
........#...# #.##.#
........##..# #.##.#
.......####.## #.##.#
..# #..## #.##.#
#..o###.##.#
#####...##..#.#
#......Jo##.#.########
#........@.......)...#
#†.......##..........#
#.........#..........#
####....#............#
###..###..........#
#.## ##.........# #.#
##.........# ###
#..........#
#..........#


You could see 2 orcs and an endoplasm.

Vanquished Creatures
  An orc warrior (D:4)
  2 scorpions (D:5)
  2 jellies (D:5)
  2 iguanas (D:4)
  Natasha (twice) (D:4)
  3 gnolls (D:4)
  4 adders
  An ufetubus (D:4)
  A dart slug (D:4)
  5 orcs
  3 endoplasms
  A giant cockroach (D:3)
  A hobgoblin (D:4)
  3 jackals (D:4)
  2 quokkas
  A goblin (D:4)
  A kobold (D:4)
35 creatures vanquished.

Notes
Turn   | Place    | Note
-------+----------+-------------------------------------------
     0 | D:5      | sircluck the Kobold Delver began the quest for the Orb.
     0 | D:5      | Reached XP level 1. HP: 14/14 MP: 1/1
    41 | D:5      | Reached skill level 7 in Stealth
    41 | D:5      | Reached XP level 2. HP: 19/19 MP: 2/2
   137 | D:5      | Reached XP level 3. HP: 23/23 MP: 3/3
   212 | D:5      | Noticed a scorpion
   216 | D:5      | Killed a scorpion
   217 | D:5      | Reached skill level 8 in Stealth
   217 | D:5      | Reached XP level 4. HP: 29/29 MP: 4/4
   266 | D:5      | Reached XP level 5. HP: 33/33 MP: 5/5
   299 | D:5      | Reached skill level 9 in Stealth
   442 | D:5      | Found an opulent altar of Gozag.
   590 | D:4      | Reached XP level 6. HP: 38/38 MP: 6/6
   754 | D:4      | Noticed Natasha
   762 | D:4      | Killed Natasha
   763 | D:4      | Reached skill level 10 in Stealth
   782 | D:4      | Found a shadowy altar of Dithmenos.
   788 | D:4      | Became a worshipper of Dithmenos the Shadowed
  1033 | D:4      | Found a faded altar of an unknown god.
  1033 | D:4      | Noticed an orc warrior
  1033 | D:4      | Found the Hermit's Pendant {Faith Invo=14 Evo=0 MP+5}
  1042 | D:4      | Killed an orc warrior
  1043 | D:4      | Reached skill level 1 in Armour
  1043 | D:4      | Reached XP level 7. HP: 43/43 MP: 7/7
  1185 | D:4      | Noticed Natasha
  1191 | D:4      | Killed Natasha
  1552 | D:3      | Slain by an orc

Illustrated notes

Levels and vault maps discovered:
D:3:      layout_rooms, portal_sewer_entry_b
D:4:      layout_cave_pools, nicolae_dithmenos_the_darkroom,
          hellmonk_guarded_unrand_hermit, uniq_natasha
D:5:      layout_cave_pools, nicolae_gozag_cash_rules_everything_around_me

Skill      XL: |  1  2  3  4  5  6  7 |
---------------+----------------------+-----
Stealth        | 7 8 9 10 | 10.6
Short Blades   | 3 4 |  4.0
Fighting       | 4 |  4.3
Dodging        | 3 |  3.2
Armour         | 1 |  1.0

Action                     |  1- 3 |  4- 6 |  7- 9 || total
---------------------------+-------+-------+-------++-------
  Melee: Short sword       |     3 |    60 |    24 ||    87
         Punch             |       |     2 |     1 ||     3
    Use: Potion            |       |     2 |       ||     2
         Scroll            |       |     1 |       ||     1
   Stab: Sleeping          |     3 |    17 |     4 ||    24
         Distracted        |       |       |     1 ||     1
 Armour: Leather armour    |       |    10 |     1 ||    11
  Dodge: Dodged            |       |    37 |    15 ||    52

Table legend: (Time is in decaauts)
 A = Elapsed time spent in this place.
 B = Non-inter-level travel time spent in this place.
 C = Inter-level travel time spent in this place.
 D = Time resting spent in this place.
 E = Time spent auto-exploring this place.
 F = Levels seen in this place.
 G = Mean time per level.
                   A        B        C        D        E       F      G
               +--------+--------+--------+--------+--------+-----+--------+
         Total |   1536 |   1507 |     29 |      0 |   1120 |   3 |  512.0 |
       Dungeon |   1536 |   1507 |     29 |      0 |   1120 |   3 |  512.0 |
               +--------+--------+--------+--------+--------+-----+--------+

Top non-repeatable levels by time:
     D:4: 778 daAuts
     D:5: 543 daAuts
     D:3: 215 daAuts
